AoeStats
← Bandolero

Arabia

508873212Analyzed
1v1 RM · 7d ago on Sep 24, 2026· 47m 56s· 2 players
Game mode
Random Map
Map size
Tiny (2 player)
Population
200
Speed
Normal
Resources
Standard
Victory
Conquest
Starting age
Dark Age
Ending age
Imperial Age
RankedLock teamsTeams togetherTeam positionsShared explorationLock speedFull tech treeHidden civsTurbo modeCheats
Victory
Defeat
🇦🇷 Maya · Argentina
1345
+16
🇨🇱 Shu · Chile
1343
-16
tanno
6:01 Loom
9:11 Feudal Age
9:21 Man-at-Arms
13:15 Double-Bit Axe
17:19 Fletching
20:04 Castle Age
18:41 Padded Archer Armor
19:09 Horse Collar
19:20 Gold Mining
20:51 Bodkin Arrow
20:44 Crossbowman
22:01 Bow Saw
24:55 Leather Archer Armor
26:03 Thumb Ring
26:45 Ballistics
28:03 Wheelbarrow
27:55 Heavy Plow
30:17 Scale Barding Armor
31:45 Chain Barding Armor
36:02 Imperial Age
35:20 Hand Cart
37:00 Bracer
37:58 Ring Archer Armor
39:13 Plate Barding Armor
40:52 Two-Man Saw
42:00 Conscription
41:20 Pikeman
42:00 Squires
43:27 Hoardings
44:42 Chemistry
43:48 Siege Engineers
45:10 Elite Skirmisher
45:23 Capped Ram
46:25 Arrowslits
46:30 Guard Tower
46:36 Murder Holes
46:06 Heavy Hei Guang Cavalry
46:46 Husbandry
46:21 Siege Ram
47:41 Arbalester
Bandolero
0:26 Loom
9:11 Feudal Age
9:50 Double-Bit Axe
16:25 Fletching
22:12 Castle Age
20:47 Padded Archer Armor
22:14 Crossbowman
22:53 Bodkin Arrow
23:42 Leather Archer Armor
25:00 Gold Mining
26:40 Ballistics
27:27 Bow Saw
27:24 Stone Mining
30:12 Thumb Ring
32:42 Stone Shaft Mining
34:36 Wheelbarrow
34:51 Elite Skirmisher
35:40 Town Watch
39:46 Imperial Age
39:47 Arbalester
41:30 Chemistry
41:25 Conscription
41:10 Bracer
42:11 Capped Ram
45:01 Eagle Warrior
45:42 Squires
45:57 Scale Mail Armor
46:08 Forging
45:46 Elite Eagle Warrior
47:25 Chain Mail Armor
49:05 Plate Mail Armor
49:11 Iron Casting
Connection lost

Rejoining the realm…

Still unreachable

The connection could not be restored.

Session expired

The server has moved on; the page needs a fresh start.